Description

Game of Serral vs Maru

Replay - Serral v VITmaru - Ultralove

Build Order

Get SALT Encoding   

  12  0:00  Drone  
  13  0:11  Overlord  
  13  0:16  Drone  
  14  0:30  Drone x2  
  16  0:45  Hatchery  
  16  0:49  Drone x2  
  16  0:55  Drone  
  18  1:07  Extractor  
  18  1:11  Spawning Pool  
  16  1:14  Drone x2  
  18  1:27  Drone  
  21  1:57  Queen x2  
  21  1:58  Zergling x4  
  27  2:09  Overlord  
  27  2:12  Metabolic Boost  
  28  2:29  Spore Crawler x2  
  27  2:35  Hatchery  
  31  2:51  Queen  
  31  2:53  Overlord  
  36  3:07  Overlord  
  41  3:20  Queen  
  45  3:31  Queen  
  47  3:34  Zergling x4  
  47  3:38  Overlord  
  52  3:50  Zergling x4  
  52  3:54  Queen  
  55  4:03  Zergling x6  
  61  4:15  Spore Crawler  
  61  4:17  Queen  
  64  4:32  Zergling x2  
  72  4:50  Evolution Chamber x2  
  73  4:59  Extractor  
  74  5:05  Queen  
  83  5:19  Hatchery  
  85  5:29  Zerg Melee Weapons Level 1, Zerg Ground Armor Level 1  
  85  5:33  Extractor x2  
  85  5:34  Lair  
  91  5:45  Spore Crawler  
  91  5:47  Baneling Nest  
  99  6:20  Queen  
  99  6:23  Hatchery  
  106  6:30  Queen  
  112  6:37  Centrifugal Hooks  
  112  6:38  Baneling x9  
  114  6:43  Overseer  
  120  6:54  Hatchery  
  122  7:07  Baneling  
  130  7:13  Overseer  
  135  7:15  Pneumatized Carapace  
  146  7:39  Zerg Melee Weapons Level 2, Zerg Ground Armor Level 2  
  143  7:49  Extractor  
  143  7:50  Infestation Pit  
  174  8:22  Extractor  
  174  8:26  Overseer x2  
  181  8:35  Overseer  
  181  8:40  Hive  
  196  9:00  Burrow  
  196  9:06  Extractor  
  196  9:07  Hatchery  
  199  9:18  Hydralisk Den  
  199  9:22  Spore Crawler  
  199  9:51  Lurker Den, Muscular Augments  
  198  9:59  Zerg Missile Weapons Level 1, Zerg Ground Armor Level 3  
Spawning Tool Build Advisor. Get it on Overwolf

Go to:

Details

  • Created by: NeoShine
  • Published on: Mar 25, 2025
  • Modified on: Mar 25, 2025
  • Patch: 5.0.11
  • Difficulty: Hard
Show
View Real Time Build Order
Export as new Build Order

Comments (0)

There are no comments. Be the first!

Create an account to comment!